 Dungeon Crawl Stone Soup version 0.27.0-1-g7a089689b8 (webtiles) character file.

Game seed: 14651416791059971359

22 rjrrt the Chopper (level 2, 0/26 HPs)
             Began as a Minotaur Monk on Aug 12, 2021.
             Slain by a worm (6 damage)
             ... on level 2 of the Dungeon.
             The game lasted 00:01:24 (929 turns).

rjrrt the Chopper (Minotaur Monk)                    Turns: 929, Time: 00:01:25

Health: 0/26       AC:  5    Str: 15    XL:     2   Next: 68%
Magic:  1/1        EV: 11    Int:  7    God:
Gold:   2          SH:  0    Dex: 12    Spells: 1/1 levels left

rFire    . . .     SeeInvis .   a - +0 hand axe
rCold    . . .     Faith    .   (no shield)
rNeg     . . .     Spirit   .   g - +0 ring mail
rPois    .         Reflect  .   (helmet restricted)
rElec    .         Harm     .   (no cloak)
rCorr    .         Rampage  .   (no gloves)
Will     .....                  (no boots)
Stlth    +.........             (no amulet)
HPRegen  0.08/turn              (no ring)
MPRegen  0.07/turn              (no ring)

@: no status effects
A: horns 2, retaliatory headbutt
a: no special abilities


You were on level 2 of the Dungeon.
You visited 1 branch of the dungeon, and saw 2 of its levels.

You collected 2 gold pieces.

Inventory:

Hand Weapons
 a - a +0 hand axe (weapon)
Armour
 g - a +0 ring mail (worn)
Scrolls
 b - a scroll of brand weapon {unknown}
 c - a scroll of acquirement {unknown}
 f - a scroll of amnesia {unknown}
Potions
 d - a potion of mutation {unknown}
 e - a potion of haste {unknown}
 h - a potion of flight {unknown}


   Skills:
 - Level 3.6 Fighting
 + Level 4.9 Axes
 - Level 3.2 Dodging
 - Level 1.5 Stealth


You had one spell level left.
You didn't know any spells.
Your spell library was empty.

Dungeon Overview and Level Annotations

Branches:
Dungeon (2/15)

Altars:

Shops:
D:1 =   D:2 [


Innate Abilities, Weirdness & Mutations

You have a pair of horns on your head.
You reflexively headbutt those who attack you in melee.


Message History

You hit the adder.
The adder is moderately wounded.
You feel sick. The adder barely misses you.
You hit the adder. Your headbutt misses the adder.
The adder is moderately wounded.
You feel sick.
The adder misses you. x2; You furiously retaliate!
You headbutt the adder. You hit the adder. You headbutt the adder.
You kill the adder!
You feel sick.
You start resting.
You feel sick. x2
You are no longer poisoned.
You start resting.
A worm comes into view.
You see here a ball python corpse.
There is a stone staircase leading up here.
You start resting.
A worm is nearby!
You see here a ball python corpse.
You barely miss the worm. The worm bites you but does no damage.
You barely miss the worm. You headbutt the worm.
The worm is moderately wounded.
You hit the worm.
The worm is severely wounded.
The worm bites you.
You barely miss the worm. You headbutt the worm.
The worm is severely wounded.
The worm bites you!
You are too injured to fight recklessly!
You are too injured to fight recklessly!
You barely miss the worm.
The worm is severely wounded.
You hit the worm.
The worm is almost dead.
The worm bites you.
* * * LOW HITPOINT WARNING * * *
You hit the worm but do no damage.
The worm is almost dead.
The worm bites you.
You die...

.....#. ......#
.......###....#
.............#########
#.#...####...........
#...#.#..........#
#.......†...†<..#
#.#.........†...#
#....PPP....#####
###..P∩P..@.#
##..)..w#....#
#......####..#
####......# ...
#....#..# ##
.P.......# .....PP.#..
###.≈P..P... .Pw⌠.....


You could see a worm.

Vanquished Creatures
  An adder (D:2)
  A ball python (D:2)
  2 endoplasms (D:1)
  A hobgoblin (D:1)
  A quokka (D:2)
  2 bats
  A frilled lizard (D:1)
  3 kobolds
  2 rats (D:1)
14 creatures vanquished.

Vanquished Creatures (others)
  A fungus (D:2)
  3 plants (D:2)
4 creatures vanquished.

Grand Total: 18 creatures vanquished

Notes
Turn   | Place    | Note
-------+----------+-------------------------------------------
     0 | D:1      | rjrrt the Minotaur Monk began the quest for the Orb.
     0 | D:1      | Reached XP level 1. HP: 19/19 MP: 0/0
    59 | D:1      | Found Zaac's Jewellery Shop.
   212 | D:1      | Reached skill level 4 in Axes
   467 | D:1      | Reached XP level 2. HP: 5/26 MP: 1/1
   843 | D:2      | Found Oppy's Antique Armour Shop.
   929 | D:2      | Slain by a worm

Illustrated notes

Levels and vault maps discovered:
D:1:      saegor_arrival_miasma, layout_rooms, serial_shops, shop
D:2:      layout_rooms, basic_altar, shapermc_ecumenical_altar_mp_ritualfount,
          serial_shops, nicolae_shop_overgrown_old_shop, corner_web_ring

Skill      XL: |  1 |
---------------+----+-----
Axes           | 4 |  4.9
Fighting       | |  3.6
Dodging        | |  3.2
Stealth        | |  1.5

Action                   || total
-------------------------++-------
Melee: Hand axe          ||    45
       Headbutt          ||     7
 Stab: Sleeping          ||     1
Armor: Ring mail         ||    12
Dodge: Dodged            ||    26
